 Dungeon Crawl Stone Soup version 0.31-a0-1236-gaa9e43cceb (webtiles) character file.

Game seed: 15671648283768096894

18 Ivernyr the Shield-Bearer (level 2, -4/24 HPs)
             Began as a Formicid Fighter on Dec 15, 2023.
             Slain by a gnoll
             ... wielding a +0 halberd
             ... led by a gnoll bouda
              (13 damage)
             ... on level 2 of the Dungeon.
             The game lasted 00:01:34 (707 turns).

Ivernyr the Shield-Bearer (Formicid Fighter)         Turns: 707, Time: 00:01:34

Health: -4/24      AC:  6    Str: 20    XL:     2   Next: 85%
Magic:  2/2        EV:  9    Int:  7    God:
Gold:   41         SH:  5    Dex: 13    Spells: 1/1 levels left

rFire   . . .        a - +0 quarterstaff
rCold   + . .        c - +0 buckler
rNeg    . . .        b - +0 scale mail
rPois   .            (helmet unavailable)
rElec   .            (no cloak)
rCorr   .            (no gloves)
SInv    +            (no boots)
Will    .....        (no amulet) Stlth
                     h - ring of protection from cold
HPRegen 0.24/turn    (no ring)
MPRegen 0.08/turn

%: no passive effects
@: weakened
A: permanent stasis, dig shafts and tunnels, antennae 3, four strong arms
a: Dig, Shaft Self


You were on level 2 of the Dungeon.
You visited 1 branch of the dungeon, and saw 2 of its levels.

You collected 41 gold pieces.

Inventory:

Hand Weapons
 a - a +0 quarterstaff (weapon)
Armour
 b - a +0 scale mail (worn)
 c - a +0 buckler (worn)
Jewellery
 h - a ring of protection from cold (left hand)
Scrolls
 j - a scroll of brand weapon {unknown}
 k - a scroll of teleportation {unknown}
Potions
 d - a potion of might
 e - 2 potions of heal wounds {unknown}
 f - a potion of berserk rage {unknown}
 g - 2 potions of haste {unknown}
 i - a potion of curing {unknown}


   Skills:
 + Level 3.5 Fighting
 * Level 2.5 Staves
 + Level 3.5 Armour
 + Level 4.2 Shields


You had one spell level left.
You didn't know any spells.
Your spell library was empty.

Dungeon Overview and Level Annotations

Branches:
Dungeon (2/15)

Altars:


Innate Abilities, Weirdness & Mutations

You cannot be hasted, slowed, berserked, paralysed or teleported.
You can dig through walls and to a lower floor.
You have a pair of large antennae on your head. (SInv)
Your four strong arms can wield two-handed weapons with a shield.


Message History

What level of the Dungeon? (default 1, ? - help)
You see here a frilled lizard skeleton.
Things that are here:
a +0 short sword; a rat skeleton
There is a stone staircase leading down here.
You climb downwards.
There is a stone staircase leading up here.
A gnoll comes into view. It is wielding a +0 flail.
The gnoll shouts!
A gnoll is nearby!
A gnoll bouda and a gnoll come into view.
Found a scroll labelled TEPTISCH CIAQO.
The gnoll bouda shouts!
The gnoll shouts!
A gnoll comes into view. It is wielding a +0 halberd.
The gnoll bouda moves out of view.
Found 2 stones.
The gnoll shouts!
You hear a shout! x2
A gnoll comes into view. It is wielding a +0 club.
The gnoll bouda barks out a call to the hunt!
The gnolls pick up the pace!
The gnoll hits you with a +0 flail.
The gnoll bouda gazes fiercely through you!
You feel your attacks grow feeble.
You sock the gnoll!
The gnoll is severely wounded.
The gnoll hits you from afar with a +0 halberd.
The gnoll barely misses you.
A gnoll comes into view. It is wielding a +0 flail.
The gnoll hits you with a +0 flail. The gnoll closely misses you.
The gnoll bouda gazes fiercely through you!
You feel as though you will be weak longer.
The gnoll attacks as it pursues you! The gnoll barely misses you.
The gnoll barely misses you.
There is a stone staircase leading up here.
You hit the gnoll but do no damage. You block the gnoll's attack.
The gnoll hits you with a +0 flail!
The gnoll hits you from afar with a +0 halberd!
Ouch! That really hurt!
You die...

... #.# ...
#.#### #.##..
#.##.# #.##.#
#<##g#####
#g@ggg...# ,
####g###......
#...,,.(?.#
##### ##.# #


You could see a gnoll bouda and 5 gnolls.

Vanquished Creatures
  3 ball pythons (D:1)
  A bat (D:1)
  4 goblins (D:1)
  A hobgoblin (D:1)
  3 kobolds (D:1)
  A frilled lizard (D:1)
  4 rats (D:1)
17 creatures vanquished.

Notes
Turn   | Place    | Note
-------+----------+-------------------------------------------
     0 | D:1      | Ivernyr the Formicid Fighter began the quest for the Orb.
     0 | D:1      | Reached XP level 1. HP: 18/18 MP: 1/1
   109 | D:1      | Reached XP level 2. HP: 20/24 MP: 2/2
   707 | D:2      | Slain by a gnoll

Illustrated notes

Levels and vault maps discovered:
D:1:      lightli_arrival_chessboard, layout_loops_ring
D:2:      layout_loops_corners, ebering_ecumenical_altar_ruins, uniq_sigmund

Action                     || total
---------------------------++-------
  Melee: Quarterstaff      ||    51
 Armour: Scale mail        ||    25
  Dodge: Dodged            ||    31
  Block: Buckler           ||    23

Table legend: (Time is in decaauts)
 A = Elapsed time spent in this place.
 B = Non-inter-level travel time spent in this place.
 C = Inter-level travel time spent in this place.
 D = Time resting spent in this place.
 E = Time spent auto-exploring this place.
 F = Levels seen in this place.
 G = Mean time per level.
                   A        B        C        D        E       F      G
               +--------+--------+--------+--------+--------+-----+--------+
         Total |    717 |    676 |     41 |      0 |    517 |   2 |  358.5 |
       Dungeon |    717 |    676 |     41 |      0 |    517 |   2 |  358.5 |
               +--------+--------+--------+--------+--------+-----+--------+

Top non-repeatable levels by time:
     D:1: 702 daAuts
     D:2: 14 daAuts
